 Dungeon Crawl Stone Soup version 0.18.1-50-g88ac8fd (webtiles) character file.

11 Gargoyl the Skirmisher (level 2, 22/24 HPs)
             Began as a Demonspawn Abyssal Knight on Oct 29, 2016.
             Was an Initiate of Lugonu.
             Quit the game on level 1 of the Dungeon.
             The game lasted 00:01:18 (722 turns).

Gargoyl the Skirmisher (Demonspawn Abyssal Knight)   Turns: 722, Time: 00:01:19

Health: 22/24      AC:  9    Str: 12    XL:     2   Next: 17%
Magic:  3/4        EV:  5    Int: 13    God:    Lugonu [......]
Gold:   13         SH:  0    Dex: 12    Spells: 0 memorised, 1 level left

rFire  . . .     SeeInvis .     f - +0 war axe (chop)
rCold  . . .     Gourm    .     j - +0 chain mail
rNeg   . . .     Faith    .     (no shield)
rPois  .         Spirit   .     (no helmet)
rElec  .         Dismiss  .     (no cloak)
rCorr  .         Reflect  .     (no gloves)
SustAt .         Harm     .     i - +0 pair of boots
MR     .....                    (no amulet)
Stlth  ..........               (no ring)
                                (no ring)

@: not resistant to hostile enchantments, extremely unstealthy
A: claws 1
a: Renounce Religion


You were on level 1 of the Dungeon.
You worshipped Lugonu.
Lugonu was noncommittal.
You were not hungry.

You visited 1 branch of the dungeon, and saw 1 of its levels.
You visited the Abyss 1 time.

You collected 13 gold pieces.

Inventory:

Hand Weapons
 a - a +1 hand axe
 f - a +0 war axe of chopping (weapon)
Armour
 i - a +0 pair of boots (worn)
 j - a +0 chain mail (worn)
Scrolls
 e - a scroll of fear {unknown}
 h - 2 scrolls of identify {unknown}
 k - a scroll of remove curse {unknown}
Potions
 b - a potion of magic {unknown}
Books
 g - a book of Spatial Translocations

   Spells                             Type                      Level
   a - Apportation                    Translocation                1
   b - Blink                          Translocation                2
   c - Shroud of Golubria             Charms/Translocation         2
   d - Portal Projectile              Translocation                3
   e - Teleport Other                 Translocation                3
   f - Passage of Golubria            Translocation                4
Comestibles
 c - a bread ration
 d - 3 meat rations


   Skills:
 + Level 3.1 Fighting
 + Level 2.0 Axes
 * Level 2.1 Armour
 + Level 0.8 Dodging
 * Level 2.7 Invocations


You had one spell level left.
You didn't know any spells.

Dungeon Overview and Level Annotations

Branches:
Dungeon (1/15)

Altars:


Innate Abilities, Weirdness & Mutations

You have sharp fingernails.


Message History

A bat comes into view.
You slash the bat!
You kill the bat!
Lugonu accepts your kill.
You open the door.
There is an open door here.
A goblin comes into view.
The goblin shouts!
The goblin hits you but does no damage.
You closely miss the goblin. The goblin hits you but does no damage.
Your chain mail prevents you from hitting the goblin.
The goblin hits you but does no damage. x2
You closely miss the goblin. The goblin hits you.
Your chain mail prevents you from hitting the goblin.
The goblin hits you but does no damage.
You hit the goblin.
You kill the goblin!
Lugonu accepts your kill.
You see here a goblin corpse.
Are you sure you want to abandon this character and quit the game? (Confirm with "yes".)

#........###.###.#
#...)#
#........##......#
#...>#
##........##......#
######
..........##......#
...((..)..##......#
.....#######......#
..(..# #####......#
.....# #...'......#
.....# #.###....@##
.....# #.#
#............
.....# #.#
#.....#######
###.## #.# ##.##.#
#.# #.# #.##.# #.#
#.# #.##.#
#.####.## #.##.#
#.......# ...#.#
######..#


There were no monsters in sight!

Vanquished Creatures
  A bat (D:1)
  2 goblins (D:1)
  3 hobgoblins (D:1)
  2 kobolds (D:1)
  A ball python (D:1)
  A giant newt (D:1)
10 creatures vanquished.

Notes
Turn   | Place    | Note
--------------------------------------------------------------
     0 | Abyss:1  | Gargoyl the Demonspawn Abyssal Knight began the quest for the Orb.
     0 | Abyss:1  | Reached XP level 1. HP: 18/18 MP: 2/2
    38 | Abyss:1  | Found a corrupted altar of Lugonu.
    86 | Abyss:3  | Noticed a chaos spawn
   119 | Abyss:3  | Noticed a thrashing horror
   121 | D:1      | Escaped the Abyss
   590 | D:1      | Gained mutation: You have sharp fingernails. [demonic ancestry]
   590 | D:1      | Reached XP level 2. HP: 23/24 MP: 3/3
   722 | D:1      | Quit the game

Skill      XL: |  1 |
---------------+----+-----
Armour         | 2 |  2.1
Axes           | 2 |  2.0
Fighting       | |  3.1
Dodging        | |  0.8
Invocations    | |  2.7

Action                   || total
-------------------------++-------
Melee: War axe           ||    30
Invok: Depart the Abyss  ||     1
Armor: Chain mail        ||    21
Dodge: Dodged            ||     4
